[Event "II Llinars Open 2022"]
[Site "Llinars del Valles"]
[Date "2022.06.28"]
[Round "4.1"]
[White "Narciso Dublan, Marc"]
[Black "Valenzuela Gomez, Fernando"]
[Result "1/2-1/2"]
[ECO "B21"]
[WhiteElo "2464"]
[BlackElo "2373"]
[Annotator "TA"]
[PlyCount "48"]
[EventDate "2022.06.24"]
[EventType "swiss"]
[EventCountry "ESP"]
[SourceTitle "playchess.com"]
[Source "ChessBase"]
[SourceQuality "1"]
[TimeControl "5400+30"]

1. e4 c5 2. f4 d5 3. exd5 Nf6 4. Bb5+ Bd7 5. Bxd7+ Qxd7 6. c4 e6 7. Qe2 Bd6 8. d3 O-O 9. dxe6 fxe6 10. Nf3 {[%emt 0:00:07] B21: Sicilian: 2 f4 and Morra Gambit.} Nc6 {[%emt 0:00:47] Threatening ...Rae8.} 11. O-O $1 Rae8 12. Nc3 {[%emt 0:00:15] Black has an edge.} e5 $1 13. f5 $1 Qxf5 {[%emt 0:07:19] The position is equal.} 14. Ng5 {[%emt 0:00:44] Prevents e4.} Qd7 15. Nge4 Nd4 16. Qd1 Nxe4 {[%emt 0:00:48] [#]} 17. Nxe4 $146 ({Predecessor:} 17. Rxf8+ Bxf8 18. Nxe4 Rd8 19. Be3 Nf5 20. Qg4 Be7 21. Bxc5 Qxd3 22. Bxa7 Nd4 23. Bxd4 Qxd4+ {1-0 (31) Purygin,A (2285)-Prikhodko,A (2074) Samara 2010}) 17... Rxf1+ 18. Kxf1 Be7 19. Be3 Rd8 20. Qd2 Ne6 21. Rd1 Nf4 22. Bxf4 exf4 23. Qe2 b6 24. b3 Rf8 {[%emt 0:01:02] An interesting draw.  Weighted Error Value: White=0.01 (flawless) /Black=0.02 (flawless)} 1/2-1/2

[Event "II Llinars Open 2022"]
[Site "Llinars del Valles"]
[Date "2022.06.28"]
[Round "4.2"]
[White "Luna Cortes, Luis"]
[Black "Garcia Ramos, Daniel"]
[Result "0-1"]
[ECO "B10"]
[WhiteElo "2215"]
[BlackElo "2441"]
[Annotator "TA"]
[PlyCount "73"]
[EventDate "2022.06.24"]
[EventType "swiss"]
[EventCountry "ESP"]
[SourceTitle "playchess.com"]
[Source "ChessBase"]
[SourceQuality "1"]
[TimeControl "5400+30"]

1. e4 c6 2. d3 d5 3. Nd2 g6 4. Be2 Bg7 5. Ngf3 e5 6. b3 {[%emt 0:03:58] B10: Caro-Kann: 2 d3 and 2 c4.} Ne7 7. Bb2 {[%emt 0:00:16] [#]} Qc7 $146 ({Predecessor:} 7... Nd7 8. O-O O-O 9. Re1 Re8 10. Bf1 Qc7 11. a4 a5 12. Ra2 b6 13. Ba3 Ba6 {1-0 (70) Kostic,V (2326)-Haselhorst,H (2093) Schwaebisch Gmuend 2018}) 8. d4 {[%emt 0:08:16] Black has an edge.} exd4 (8... dxe4 $15 9. Nxe5 f6) 9. Nxd4 {[%emt 0:06:41][%cal Od4b5] Threatens to win with Nb5!} O-O 10. O-O (10. Qc1 $1 $11) 10... Rd8 $1 $15 11. exd5 Nxd5 12. N2f3 (12. Rb1 $15) 12... Nf4 $17 {[%emt 0:16:35] ...c5 is the strong threat.} 13. b4 b6 {[%emt 0:04:22] Black is more active.} (13... Na6 $142 14. c3 c5 15. bxc5 Nxc5) 14. Bd3 $2 (14. Re1 $17 {was necessary.}) 14... Bg4 15. Qb1 Nxd3 ({Better is} 15... c5 $1 $19 16. bxc5 bxc5) 16. cxd3 Qd6 17. a3 Na6 (17... c5 $17 18. h3 Bxh3 19. bxc5 bxc5) 18. Rc1 (18. h3 $15 Bxf3 19. Nxf3) 18... c5 $36 {[%emt 0:06:08][%mdl 2048] White is under strong pressure.} (18... Bxd4 19. Nxd4 c5 20. Nc2 $15) 19. Nb5 {[%emt 0:01:09] [#]} (19. h3 $17) 19... Qd7 $1 $19 (19... Qxd3 20. Qxd3 Rxd3 21. Bxg7 Bxf3 22. Be5 $17) 20. Bxg7 {[%emt 0:00:42][%cal Og7h6] Hoping for Bh6!} Bxf3 (20... Kxg7 21. Ne5 Qxb5 22. Nxg4 $17) ({Stronger than} 20... Qxb5 21. Qb2 Bxf3 22. Bh8 $11) 21. Be5 $2 {[%emt 0:01:17] [#]} (21. gxf3 Kxg7 22. Qb2+ Kg8 23. Nc3) 21... Bxg2 $1 ({Not} 21... Qxb5 22. gxf3 Rxd3 23. Rd1 $17) 22. Kxg2 {[%emt 0:03:24] aiming for Nc3.} Qd5+ ({Wrong is} 22... Qxb5 $2 23. bxc5 Qc6+ 24. f3 Nxc5 25. d4 $19) 23. Kg1 Qxe5 24. Nc3 Qg5+ 25. Kf1 Qh4 26. Ne4 Rd4 27. bxc5 $2 (27. Kg1) 27... Nxc5 28. Rxc5 bxc5 29. Qb7 Rad8 30. Nxc5 Qxh2 {[%emt 0:00:29] White must now prevent ...Rg4.} 31. Rb1 Qh3+ 32. Ke1 R4d5 33. Ne4 Rxd3 {[%emt 0:00:19] ( -> ...Qh1+)} 34. Nf6+ Kg7 {[%emt 0:00:07] Black mates.} 35. Qb2 Qh1+ 36. Ke2 Qf3+ 37. Ke1 {[%emt 0:00:11] Weighted Error Value: White=0.92/Black=0.21 (precise)} 0-1

[Event "II Llinars Open 2022"]
[Site "Llinars del Valles"]
[Date "2022.06.28"]
[Round "4.3"]
[White "Ayats Llobera, Gerard"]
[Black "Herman Gamazo, Isaac"]
[Result "1-0"]
[ECO "A49"]
[WhiteElo "2423"]
[BlackElo "1823"]
[Annotator "TA"]
[PlyCount "101"]
[EventDate "2022.06.24"]
[EventType "swiss"]
[EventCountry "ESP"]
[SourceTitle "playchess.com"]
[Source "ChessBase"]
[SourceQuality "1"]
[TimeControl "5400+30"]

1. Nf3 d6 2. d4 Nf6 3. g3 g6 4. Bg2 Bg7 5. O-O O-O 6. b3 Nbd7 7. Bb2 Rb8 {[%emt 0:04:29] 7...a5 is a critical line. A49: 1 d4 Nf6 2 Nf3 g6 3 g3: Anti-King's Indian systems.} 8. c4 b5 9. cxb5 $1 {[%emt 0:04:53] [#]} Bb7 $146 ({Better is} 9... Rxb5 $14 10. e4 Ba6) ({Predecessor:} 9... Rxb5 10. Nc3 Rb8 11. Qd3 c5 12. Na4 Nb6 13. Nxb6 axb6 14. Nd2 Bb7 15. Bxb7 Rxb7 {0-1 (44) Czibulka,Z (2058)-Erdei,L (1894) Level 2014}) 10. Nc3 Ne4 11. Qd3 f5 12. Qc4+ Kh8 13. Nxe4 Nb6 {[%emt 0:00:19] [#]} 14. Qc1 Bxe4 15. Ng5 Bxg2 16. Kxg2 {[%emt 0:00:18][%cal Od4d5] Black must now prevent d5!} Qc8 17. Qc6 h6 18. Nh3 {[%emt 0:02:13] White is much more active.} g5 {[%emt 0:00:35][%cal Bg6g5,Bg5g4][%mdl 32] Against Nf4} 19. f4 g4 20. Nf2 Qb7 21. e4 (21. Rae1 $14) 21... fxe4 (21... Qxc6 $11 22. bxc6 Nc4) 22. Qxb7 (22. Nxg4 $6 Qxc6 23. bxc6 Na4 $11) (22. Qxe4 Qxe4+ 23. Nxe4 Nd5 $14) 22... Rxb7 23. Nxg4 Nd5 24. Rfe1 $36 {[%emt 0:02:30][%cal Bf1e1,Be1e2,Be2c2][%mdl 2080] White has good play.} h5 {[%emt 0:00:30] [#]} 25. Nf2 {[%emt 0:00:52][%cal Bg4f2,Bf2d1,Bd1e3][%mdl 32] Black is on the road to losing.} ({Much worse is} 25. Ne3 $6 Nb4 $11) 25... e3 (25... Rxb5 $142 26. Re2 (26. Rxe4 a5 $16) (26. Nxe4 c5 $14) 26... Rg8) 26. Nd1 $16 Nb4 {[%emt 0:01:00] [#]} 27. Re2 {[%emt 0:00:20] Against Nc2} (27. Nxe3 Nd3 $11) 27... Rxb5 28. Nxe3 Nd3 29. Bc3 c5 30. Rd1 Nb4 (30... cxd4 $142 31. Bxd4 Bxd4) 31. Bxb4 $18 cxb4 32. Rc2 Bf6 33. Rc7 Ra8 34. d5 Kg8 35. h3 a5 36. g4 hxg4 37. hxg4 {[%emt 0:00:08] Threatens to win with g5.} Kf8 $2 (37... Rc5 {was necessary.}) 38. g5 Bc3 39. a4 Rbb8 (39... bxa3 $142 40. Rxc3 Rab8) 40. Kf3 {[%emt 0:04:16] Hoping for Nf5.} Rc8 41. Rxc8+ Rxc8 {[%emt 0:00:01][%mdl 4096] Endgame KRB-KRN} 42. Ke4 Kf7 43. Rh1 {[%emt 0:00:34] Strongly threatening Rh7+.} Kg6 {[%emt 0:01:14] Inhibits Rh7.} 44. Rh6+ Kf7 45. Rh7+ Kf8 46. Kf5 {[%emt 0:00:48] aiming for Ke6.} Rc5 47. Ke6 {[%emt 0:00:36] Nf5 would kill now.} Bd2 48. Nf5 {[%emt 0:00:22][%cal Rh7h8] White mates.} Kg8 49. g6 Bc3 50. Rf7 Bf6 51. Nh6+ {[%emt 0:00:04] Weighted Error Value: White=0.12 (very precise) /Black=0.58} 1-0

[Event "II Llinars Open 2022"]
[Site "Llinars del Valles"]
[Date "2022.06.28"]
[Round "4.4"]
[White "Parra Ordorica, Arnau"]
[Black "Prats Safont, Sergi"]
[Result "1-0"]
[ECO "E01"]
[WhiteElo "2001"]
[BlackElo "2206"]
[Annotator "RC"]
[PlyCount "129"]
[EventDate "2022.06.24"]
[EventType "swiss"]
[EventCountry "ESP"]
[SourceTitle "playchess.com"]
[Source "ChessBase"]
[SourceQuality "1"]
[TimeControl "5400+30"]

1. d4 d5 2. c4 e6 3. Nf3 c6 4. g3 Nf6 5. Bg2 Bd6 6. O-O O-O 7. Nbd2 Nbd7 8. Qc2 Re8 9. Rd1 Qe7 10. e4 dxe4 11. Nxe4 Nxe4 12. Qxe4 Nf6 13. Qc2 c5 14. b3 b6 15. dxc5 Bxc5 16. Ng5 Bb7 17. Bb2 Bxg2 18. Kxg2 e5 19. Re1 Qb7+ 20. f3 Bd4 21. Bxd4 exd4 22. Ne4 Nxe4 23. Rxe4 Rad8 24. Rd1 Rxe4 25. Qxe4 Qd7 26. Rd3 h6 27. h4 Qd6 28. Kh3 h5 29. g4 hxg4+ 30. fxg4 f6 31. Qd5+ Qxd5 32. cxd5 Rxd5 33. Kg3 Kf7 34. Kf4 Ke6 35. Ke4 Ra5 36. a4 Re5+ 37. Kxd4 Rd5+ 38. Ke4 Re5+ 39. Kf4 g5+ 40. Kg3 gxh4+ 41. Kxh4 Re4 42. Kg3 Rb4 43. Kf3 a5 44. Re3+ Kd5 45. Rd3+ Ke5 46. Re3+ Kd5 47. Rd3+ Kc5 48. Re3 Rd4 49. Rc3+ Kd5 50. Re3 Rd1 51. Kf4 Rf1+ 52. Rf3 Rg1 53. Kf5 Kd4 54. Rf4+ Ke3 55. Re4+ Kf3 56. Rc4 Rb1 57. Rc3+ Ke2 58. Kxf6 Kd2 59. Rg3 Kc2 60. g5 Rxb3 61. Rxb3 Kxb3 62. g6 Kxa4 63. g7 Ka3 64. g8=Q a4 65. Qc4 1-0

[Event "II Llinars Open 2022"]
[Site "Llinars del Valles"]
[Date "2022.06.28"]
[Round "4.5"]
[White "Fanninger, Leon"]
[Black "Garcia Gallardo, Victor"]
[Result "1/2-1/2"]
[ECO "C55"]
[WhiteElo "2157"]
[BlackElo "1983"]
[Annotator "RC"]
[PlyCount "47"]
[EventDate "2022.06.24"]
[EventType "swiss"]
[EventCountry "ESP"]
[SourceTitle "playchess.com"]
[Source "ChessBase"]
[SourceQuality "1"]
[TimeControl "5400+30"]

1. e4 e5 2. Nf3 Nc6 3. Bc4 Nf6 4. d3 d6 5. Ng5 d5 6. exd5 Na5 7. Nc3 Nxc4 8. dxc4 Be7 9. O-O O-O 10. Qd3 h6 11. Nf3 Bd6 12. c5 Bxc5 13. Nxe5 Re8 14. Nf3 c6 15. Qc4 Bb6 16. dxc6 Be6 17. Qh4 bxc6 18. Na4 Bd5 19. Nc3 Bxf3 20. gxf3 Nd5 21. Qxd8 Raxd8 22. Nxd5 Rxd5 23. Be3 Bxe3 24. fxe3 1/2-1/2

[Event "II Llinars Open 2022"]
[Site "Llinars del Valles"]
[Date "2022.06.28"]
[Round "4.6"]
[White "Uber Gracia, Hugo"]
[Black "Segura Marsa, Andres"]
[Result "1/2-1/2"]
[ECO "B36"]
[WhiteElo "1915"]
[BlackElo "1862"]
[Annotator "NA RC"]
[PlyCount "35"]
[EventDate "2022.06.24"]
[EventType "swiss"]
[EventCountry "ESP"]
[SourceTitle "playchess.com"]
[Source "ChessBase"]
[SourceQuality "1"]
[TimeControl "5400+30"]

1. e4 c5 2. Nf3 Nc6 3. d4 cxd4 4. Nxd4 g6 5. c4 Nf6 6. Nc3 d6 7. Be3 Ng4 8. Nxc6 bxc6 9. Qd4 Nxe3 10. Qxe3 Bg7 11. Be2 O-O 12. O-O Rb8 13. b3 c5 14. Rac1 Bd7 15. Rfd1 a5 16. Kh1 a4 17. bxa4 Bd4 18. Qd2 1/2-1/2

[Event "II Llinars Open 2022"]
[Site "Llinars del Valles"]
[Date "2022.06.28"]
[Round "4.7"]
[White "Munoz, Miguel"]
[Black "Diaz Perez, Michel Alejandro"]
[Result "1-0"]
[ECO "B67"]
[WhiteElo "2421"]
[BlackElo "2439"]
[Annotator "TA"]
[PlyCount "105"]
[EventDate "2022.06.24"]
[EventType "swiss"]
[EventCountry "ESP"]
[SourceTitle "playchess.com"]
[Source "ChessBase"]
[SourceQuality "1"]
[TimeControl "5400+30"]

1. e4 c5 2. Nf3 d6 3. d4 cxd4 4. Nxd4 Nf6 5. Nc3 a6 6. Bg5 e6 7. Qd2 h6 8. Bxf6 Qxf6 9. O-O-O Bd7 10. f4 Nc6 11. Nb3 Qd8 {[%emt 0:09:33] B67: Sicilian: Richter-Rauzer: 7...a6 8 0-0-0 Bd7, lines without 9 f4 Be7.} 12. h4 Be7 13. h5 ({Better is} 13. Kb1 $11) 13... b5 $15 {[%emt 0:03:50][%cal Bb7b5,Bb5b4][%mdl 32] Black is slightly better.} 14. Kb1 b4 15. Ne2 a5 {[%emt 0:20:50] [#]} 16. Rh3 $146 ({Predecessor:} 16. Nbd4 Qb6 17. Nxc6 Bxc6 18. Nd4 Bxe4 19. Bb5+ Kd8 20. Qe3 Qb7 21. Rhe1 Bd5 22. Ba4 {1-0 (31) Trois,F (2310)-Emma,J (2420) Montevideo 1976}) 16... e5 17. Rd3 a4 (17... O-O $17 {...Qb8 is the strong threat.} 18. Nc5 Bc8) 18. Nbc1 (18. Nc5 $1 $15 Bc8 19. Rxd6 Bxd6 20. Qxd6 Qxd6 21. Rxd6) 18... Qb6 (18... O-O $19 {aiming for ...Bg4.} 19. f5 Qb6) 19. Ng3 exf4 20. Nf5 Bxf5 21. exf5 O-O 22. Qxf4 (22. Ne2 $17 {might work better.}) 22... a3 {[%emt 0:05:13] Threatens to win with ...Bg5.} 23. b3 (23. Rg3 $17 {is a better defense.} Kh8 24. f6 (24. Qg4 Bg5 $17) 24... Bxf6 25. Rxd6) 23... Qc5 (23... Bg5 $1 $19 24. Qg3 Rfe8) 24. Rg3 (24. Qe3 $17) 24... Qe5 $2 ({Black should play} 24... Bg5 $19 25. Qxd6 Qxd6 26. Rxd6 Bf4 27. Rxc6 Bxg3) 25. Qxe5 dxe5 26. Bc4 Rad8 {[%emt 0:00:52] Inhibits Rd7.} 27. Rgd3 (27. Rxd8 $15 Rxd8 28. Rd3) 27... Nd4 $1 $36 {[%emt 0:01:17][%mdl 2048] Keeping White busy.} 28. Re1 Bf6 (28... Nxf5 $2 29. Rxe5 Nd6 30. Rxe7 $18) 29. g4 Rfe8 30. Re4 Bg5 31. c3 bxc3 32. Rxc3 Kf8 33. Rh3 Re7 34. Nd3 f6 35. Nc5 {[%emt 0:00:38] [#]} Rc7 $2 {[%emt 0:00:44][%mdl 8192] [#]} (35... Ke8 $1 $17 {stays on course.} 36. Rd3 Rc7 37. Rexd4 (37. b4 Rb8 $17) 37... Rxd4 38. Rxd4 exd4) 36. Rxd4 $1 $18 Rxd4 37. Ne6+ Ke7 {[%emt 0:00:09] Strongly threatening ...Rd1+.} 38. Nxc7 Rd1+ 39. Kc2 Rd2+ 40. Kc3 ({Don't do} 40. Kb1 e4 41. Rh1 Kd7 $18) 40... Rxa2 41. b4 Rb2 42. Rd3 {[%emt 0:00:22] Prevents Bd2+.} Bh4 (42... e4 $142) 43. Rd1 Bf2 44. Ne6 {[%emt 0:02:00] And now Bb5 would win.} e4 45. Nf4 Bg3 46. Ng6+ Ke8 47. Bb5+ Kf7 48. Rd7+ Ke8 49. Rd3+ Kf7 50. Rxg3 Rf2 51. Re3 a2 52. Bc4+ (52. Re1 $142 Rg2 53. Ra1 Rh2 {[#]} 54. Rxa2 $3 Rxa2 55. Bc4+ Ke8 56. Bxa2 Kd8 57. Kd4) 52... Ke8 53. Rxe4+ {[%emt 0:00:15] What a bad dream for Black.  Weighted Error Value: White=0.29 (precise) /Black=0.67} 1-0

[Event "II Llinars Open 2022"]
[Site "Llinars del Valles"]
[Date "2022.06.28"]
[Round "4.8"]
[White "Jimenez Ruano, Adrian"]
[Black "Lozano Casasayas, Marc"]
[Result "1/2-1/2"]
[ECO "D12"]
[WhiteElo "2263"]
[BlackElo "1822"]
[Annotator "TA"]
[PlyCount "152"]
[EventDate "2022.06.24"]
[EventType "swiss"]
[EventCountry "ESP"]
[SourceTitle "playchess.com"]
[Source "ChessBase"]
[SourceQuality "1"]
[TimeControl "5400+30"]

1. d4 d5 2. c4 c6 3. Nf3 Nf6 4. e3 Bf5 5. cxd5 cxd5 6. Qb3 Qc7 7. Bd2 e6 8. Nc3 Nc6 9. Rc1 Be7 10. Bb5 O-O {[%emt 0:00:11] D12: Slav Defence: 3 Nf3 Nf6 4 e3 Bf5.} 11. O-O a6 12. Bxc6 bxc6 {[%emt 0:00:02] Black is slightly better.} 13. Na4 Ne4 (13... Nd7 $15) 14. Qb6 $14 {[%emt 0:03:46] [#]} Qd8 $146 (14... Qc8 $14) ({Predecessor:} 14... Rfc8 15. Qxc7 Rxc7 16. Ba5 Rb7 17. Rxc6 Nd6 18. Nb6 Rab8 19. Ne5 Nc4 20. Nexc4 dxc4 21. Nxc4 {1-0 (67) Rakov,P (2175)-Zhu,Z (1581) Victoria 2009}) 15. Qxd8 $16 (15. Qxc6 $6 Rb8 $11) (15. Rxc6 Nxd2 16. Nxd2 Bd3 17. Qxd8 Raxd8 $17) 15... Bxd8 16. Bb4 ({Weaker is} 16. Rxc6 Nxd2 17. Nxd2 Bd3 $17) 16... Re8 17. Ne5 {[%emt 0:00:55] Pair of Knights!} a5 18. Ba3 Bf6 19. f3 ({Resist} 19. Rxc6 $6 Bxe5 20. dxe5 Nd2 $14) (19. Rfe1 $142) 19... Nd2 20. Rfd1 Bxe5 21. Rxd2 ({But not} 21. dxe5 $6 Nc4 $11) 21... Bf6 22. g4 Bg6 23. Rxc6 e5 $2 (23... Rac8 $16 24. Rxc8 Rxc8) 24. dxe5 $18 Rxe5 25. Nb6 Rd8 26. f4 Rxe3 27. Nxd5 $2 ({White should try} 27. g5 $18) 27... Re1+ $14 28. Kf2 Bh4+ 29. Kg2 {[%emt 0:00:01] [#] aiming for Kh3.} Be4+ $1 30. Kh3 {[%emt 0:00:04] Active counter play!} h6 31. Kxh4 {[%emt 0:01:25][%cal Od5f6] White wants to mate with Nf6+!} Rxd5 32. Rxd5 Bxd5 {[%emt 0:00:04][%mdl 4096] Endgame KRB-KRB} 33. Rc8+ Kh7 34. Rc5 Bxa2 35. Rxa5 Bb3 36. Rc5 Rg1 37. Rc3 Bd1 38. h3 Be2 39. Bc5 Rh1 40. b4 Bf1 41. Rg3 f6 {[%emt 0:06:23] ( -> ...g5+)} 42. f5 Rh2 43. Rb3 {[%emt 0:02:17] Strongly threatening b5.} Bb5 44. Kg3 Rh1 45. Ra3 Bf1 46. Ra7 {[%emt 0:00:17] Threatens to win with Bf8.} Kg8 {[%emt 0:00:27] Inhibits Bf8.} 47. Ra8+ Kh7 48. Bf8 Kg8 49. h4 Rh3+ 50. Kf2 Bc4 51. Bd6+ Kh7 52. Rc8 Ba6 53. Rc6 Bb5 54. Rc5 Be8 55. Rc8 Bb5 56. Bg3 {[%emt 0:00:34] Hoping for Rc1.} Rh1 {[%emt 0:00:10] Against Rc1} 57. Rb8 Bc4 58. b5 Rb1 59. b6 Rb3 (59... Bd5 $14) 60. Bc7 Bd5 61. Rd8 Bc6 {[%emt 0:00:30][%cal Oh6h5] [#]} 62. Rd6 $1 Bb7 63. Rd4 ({Better is} 63. Bd8 $16 {[%cal Od8f6] Black must now prevent Bxf6!} Be4 64. Re6) 63... h5 64. gxh5 Rf3+ 65. Ke1 Rxf5 66. Bd8 Re5+ {[%emt 0:00:48] The position is equal.} 67. Kf2 Rd5 {[%emt 0:00:54] Against Rd7} 68. Rxd5 Bxd5 $11 {[%emt 0:00:01] KB-KB} 69. Kg3 Kh6 70. Kg4 Be6+ 71. Kf4 {[%emt 0:00:32] Intending b7 and mate.} Bc8 72. Kg3 Kxh5 73. Be7 g5 74. hxg5 fxg5 75. Bxg5 Kxg5 76. b7 Bxb7 {[%emt 0:00:05] Black escapes into a draw.  Weighted Error Value: White=0.13 (very precise) /Black=0.15 (very precise)} 1/2-1/2

[Event "II Llinars Open 2022"]
[Site "Llinars del Valles"]
[Date "2022.06.29"]
[Round "5.1"]
[White "Garcia Ramos, Daniel"]
[Black "Parra Ordorica, Arnau"]
[Result "1-0"]
[ECO "C26"]
[WhiteElo "2441"]
[BlackElo "2001"]
[Annotator "TA"]
[PlyCount "65"]
[EventDate "2022.06.24"]
[EventType "swiss"]
[EventCountry "ESP"]
[SourceTitle "playchess.com"]
[Source "ChessBase"]
[SourceQuality "1"]
[TimeControl "5400+30"]

1. e4 e5 2. Nc3 Nf6 3. g3 Bc5 4. Bg2 a6 5. Nge2 Nc6 6. h3 {[%emt 0:01:28] C26: Vienna Game: 2...Nf6, sidelines .} d6 7. d3 Be6 8. Nd5 {[%emt 0:01:16] The position is equal.} Nd4 9. c3 Nxe2 10. Qxe2 c6 11. Nxf6+ Qxf6 {[%emt 0:00:23] [#]} 12. Be3 $146 ({Predecessor:} 12. O-O O-O 13. Kh2 Qe7 14. f4 f6 15. f5 Bf7 16. g4 d5 17. g5 dxe4 18. Bxe4 {1-0 (42) Nuber,B (2349)-Tournier,M (2319) Bayern 2014}) 12... Bxe3 13. Qxe3 d5 (13... Qd8 $11) 14. exd5 $1 $14 cxd5 15. O-O Qf5 ({Black should try} 15... d4 $14 16. Qe4 dxc3) 16. g4 $16 Qf4 17. Rfe1 d4 18. Qxe5 Qxe5 19. Rxe5 dxc3 20. bxc3 O-O-O 21. Rb1 Rxd3 22. Rc5+ ({Don't do} 22. Bxb7+ $6 Kd7 $11) ({Don't take} 22. Rxb7 Rxc3 23. Ra5 Rc7 $14) 22... Kd7 23. Rxb7+ Kd6 24. Ra5 {[%emt 0:04:41] White is more active.} Rxc3 $2 {[%emt 0:01:51] Black cannot hold the game after this.} (24... Bc4 $16 {was worth a try.}) 25. Rxa6+ $18 Ke5 26. Rb5+ Kf6 {[%emt 0:01:03] [#]} 27. f4 $1 {[%emt 0:01:57][%cal Bf2f4,Bf4f5][%mdl 32] Strongly threatening f5.} g6 (27... Rc1+ {was called for.} 28. Kh2 Ke7 29. Ra7+ Bd7) 28. f5 $1 {[%emt 0:01:13] White is clearly winning.} gxf5 29. gxf5 Rc1+ 30. Kh2 Rc2 {[%emt 0:00:17] [#] Threatens to win with ...Rg8.} 31. fxe6 fxe6 32. Rb3 Rg8 33. Rg3 {[%emt 0:00:06] Weighted Error Value: White=0.04 (flawless) /Black=0.27 (precise)} 1-0

[Event "II Llinars Open 2022"]
[Site "Llinars del Valles"]
[Date "2022.06.29"]
[Round "5.2"]
[White "Valenzuela Gomez, Fernando"]
[Black "Ayats Llobera, Gerard"]
[Result "0-1"]
[ECO "C06"]
[WhiteElo "2373"]
[BlackElo "2423"]
[Annotator "TA"]
[PlyCount "58"]
[EventDate "2022.06.24"]
[EventType "swiss"]
[EventCountry "ESP"]
[SourceTitle "playchess.com"]
[Source "ChessBase"]
[SourceQuality "1"]
[TimeControl "5400+30"]

1. e4 e6 2. d4 d5 3. Nd2 Be7 4. Ngf3 Nf6 5. e5 Nfd7 6. Bd3 c5 7. c3 Nc6 8. O-O a5 9. a4 {[%emt 0:00:05] is now more promising than 9.Re1. C06: French Tarrasch: 3...Nf6 4 e5 Nfd7 5 Bd3 main lines.} Qb6 10. dxc5 Bxc5 11. Qe2 {[%emt 0:05:11] White is slightly better.} O-O 12. Bb5 Na7 13. Bd3 Nc6 14. Bc2 (14. Bxh7+ {keeps more tension.} Kxh7 15. Ng5+ Kg6 16. Nc4) 14... f6 15. exf6 Nxf6 16. Nb3 Bd6 17. Be3 {[%emt 0:01:32] [#]} Qd8 $146 ({Predecessor:} 17... Qc7 18. Nbd4 e5 19. Nb5 Qe7 20. Nxd6 Qxd6 21. h3 Bd7 22. Rad1 Be8 23. Nh4 Ne7 24. f4 e4 25. g4 Qc7 {½-½ (56) Handel,H (2387)-Kamp,C (2313) GER email 2007}) 18. Rad1 e5 $1 {[%emt 0:04:48] Inhibits Nbd4. And now ...e4 would win.} 19. c4 (19. h3 $11 {remains equal.}) 19... d4 ({Black should play} 19... e4 $17 20. Ng5 (20. Nfd4 $2 Bxh2+ 21. Kh1 Ng4 $19) 20... Nb4 21. Rxd5 (21. cxd5 Bxh2+ 22. Kh1 Bd6 $17) 21... Nfxd5 22. cxd5 Nxc2 23. Qxc2 Bf4 24. Bxf4 Rxf4 25. Nxe4 Bf5) 20. Bg5 $11 Qe8 21. Nbd2 Be6 22. Rfe1 Kh8 23. c5 Bxc5 24. Nxe5 d3 25. Nxd3 (25. Qxd3 $2 Nb4 26. Qb5 (26. Qc3 $2 Bxf2+ 27. Kh1 Bxe1 $19) 26... Qxb5 27. axb5 Nxc2 $19) 25... Nd4 26. Qf1 Bd6 $36 {[%emt 0:03:18][%mdl 2048] Threatens to win with ...Bxh2+. Black has good play.} (26... Nxc2 $2 27. Nxc5 Nxe1 28. Rxe1 $18) 27. Bb1 $2 {[%emt 0:05:37][%mdl 8192] [#]} (27. Bf4 $11 Rd8 28. Rc1) 27... Bxh2+ $1 {[%emt 0:01:22][%mdl 576] Decoy. Black mates.} 28. Kxh2 (28. Kh1 Qh5) 28... Qh5+ 29. Kg1 {[%emt 0:00:03] [#]} Ng4 $1 {[%emt 0:00:34] Weighted Error Value: White=0.48/Black=0.18 (very precise)} ({Not} 29... Qxg5 30. Ne5 Qf4 31. Qd3 $11 (31. Ndf3 Nxf3+ 32. Nxf3 Bc4 $15)) 0-1

[Event "II Llinars Open 2022"]
[Site "Llinars del Valles"]
[Date "2022.06.29"]
[Round "5.3"]
[White "Luna Cortes, Luis"]
[Black "Narciso Dublan, Marc"]
[Result "0-1"]
[ECO "B11"]
[WhiteElo "2215"]
[BlackElo "2464"]
[Annotator "TA"]
[PlyCount "102"]
[EventDate "2022.06.24"]
[EventType "swiss"]
[EventCountry "ESP"]
[SourceTitle "playchess.com"]
[Source "ChessBase"]
[SourceQuality "1"]
[TimeControl "5400+30"]

1. e4 c6 2. Nc3 d5 3. Nf3 Bg4 4. h3 Bxf3 5. Qxf3 e6 6. Be2 Bc5 {[%emt 0:06:55] B11: Caro-Kann: Two Knights Variation.} 7. O-O Ne7 8. Rd1 Bd4 {[%emt 0:00:53] The position is equal.} (8... d4 $5 ) 9. exd5 exd5 {[%emt 0:01:46] [#]} 10. Nb1 $146 ({Predecessor:} 10. Qg4 Bf6 11. d4 O-O 12. Bd3 Nd7 13. Ne2 Re8 14. Ng3 Ng6 15. c3 Be7 16. Nf5 {½-½ (49) Baches Garcia,G (2329)-Goryachkina,A (2610) Chess.com INT 2022}) 10... Nd7 11. c3 Bf6 12. d4 Nf8 13. Bd3 Ne6 14. Nd2 O-O 15. Nb3 b6 16. Be3 Qd6 17. Nc1 Bg5 18. Re1 h6 19. Ne2 Bxe3 20. Qxe3 Rfe8 21. Rad1 Kf8 22. h4 Ng8 23. Qf3 Re7 24. g3 Rae8 25. Kf1 Nf6 26. Bf5 c5 27. dxc5 bxc5 28. Nc1 Qa6+ 29. Bd3 (29. Nd3 $11) 29... Qb6 (29... c4 $5 30. Bf5 Qb5 $15) 30. b3 Qa5 31. Be2 (31. Ne2 $15) 31... Ne4 $36 {[%emt 0:04:42][%mdl 2048] Keeping White busy.} 32. Rxd5 {[%emt 0:01:37] This move loses the game for White.} (32. Qf5 $17) 32... Nxc3 33. Rd2 (33. Re5 {is the only way for White.} Nd4 34. Rxe7 Rxe7 35. Qd3) 33... Nb1 {[%emt 0:03:26] Pair of Knights!} (33... Nd4 $142 34. Qd3 Qb4) 34. Rb2 $19 {[%emt 0:00:22] [#]} Nd2+ ({Worse is} 34... Nd4 35. Qd3 $11) 35. Rxd2 Qxd2 36. Qf5 $2 (36. Qd3 Qxd3 37. Bxd3) 36... g6 ({Wrong is} 36... Nd4 $2 37. Qxc5 Nxe2 38. Rxe2 $19) 37. Qf6 Qd4 ({But not} 37... Ng7 $2 38. Rd1 Qc2 39. Bf3 $19) 38. Qf3 Kg7 39. Rd1 Qf6 40. Qxf6+ Kxf6 41. Bc4 Rd8 42. Nd3 Red7 43. a3 (43. Ke1 {keeps fighting.}) 43... g5 44. Bb5 Rd6 {[%emt 0:00:24] [#] aiming for ...gxh4.} 45. Bc4 $2 (45. hxg5+ {is a better defense.} hxg5 46. Bc4) 45... gxh4 {[%emt 0:00:20] Black is clearly winning.} 46. Kg2 Rd4 47. Kf3 Ng5+ 48. Ke3 Re8+ 49. Kd2 h3 {[%emt 0:00:33] Threatens to win with ...Ne4+.} 50. Kc3 Re2 51. Nxc5 Rxd1 {[%emt 0:00:13] Weighted Error Value: White=0.46/Black=0.14 (very precise)} 0-1